 Dungeon Sprint DCSS version 0.29.1-12-g30fa7ad0bf (webtiles) character file.

Game seed: 1987055071831502138

1823 boopmooplesden the Impaler (level 8, -4/89 HPs)
             Began as a Minotaur Berserker on Dec 23, 2022.
             Was a High Priest of Trog.
             Slain by a six-headed hydra (8 damage)
             ... in the Dungeon (Sprint IX: "|||||||||||||||||||||||||||||").
             The game lasted 00:00:54 (563 turns).

boopmooplesden the Impaler (Minotaur Berserker)      Turns: 563, Time: 00:00:55

Health: -4/89      AC: 18    Str: 23    XL:     8   Next: 85%
Magic:  7/7        EV: 15    Int:  4    God:    Trog [*****.]
Gold:   0          SH:  0    Dex: 14    Spells: 7/7 levels left

rFire   . . .      SeeInvis .   k - +2 halberd (protect)
rCold   . . .      Faith    .   (shield currently unavailable)
rNeg    . . .      Spirit   .   n - +1 scale mail
rPois   .          Reflect  .   (helmet restricted)
rElec   .          Harm     .   m - +0 cloak
rCorr   .          Rampage  .   l - +0 pair of gloves
Will    ++...      NoTele   +   (no boots)
Stlth   +.........              (no amulet)
HPRegen 1.24/turn               o - +2 ring of evasion
MPRegen 0.10/turn               p - +3 ring of dexterity

@: strong-willed, under a protective aura, on berserk cooldown, regenerating,
slowed, very slow
A: horns 2, retaliatory headbutt
a: Renounce Religion, Berserk, Trog's Hand, Brothers in Arms


You were in the Dungeon.
You worshipped Trog.
Trog was extremely pleased with you.
You visited 1 branch

Inventory:

Hand Weapons
 a - a +0 spear
 k - a +2 halberd of protection (weapon)
Armour
 b - a +0 animal skin
 l - a +0 pair of gloves (worn)
 m - a +0 cloak (worn)
 n - a +1 scale mail (worn)
Jewellery
 o - a +2 ring of evasion (left hand)
 p - a +3 ring of dexterity (right hand)
Wands
 j - a wand of acid (10)
Scrolls
 h - 2 scrolls of blinking
Potions
 c - 5 potions of curing
 d - 3 potions of heal wounds
 e - a potion of haste
 f - 4 potions of magic
 g - a potion of berserk rage
 i - a potion of invisibility


   Skills:
 + Level 14.2 Fighting
 + Level 15.6 Polearms
 + Level 8.1 Armour
 + Level 7.8 Dodging
 + Level 1.9 Stealth


You had 7 spell levels left.
You didn't know any spells.
Your spell library was empty.

Dungeon Overview and Level Annotations

Branches:
Dungeon (1/1)

Altars:
Cheibriados
Dithmenos
Elyvilon
Fedhas
Gozag
Hepliaklqana
Kikubaaqudgha
Makhleb
Nemelex Xobeh
Okawaru
Qazlal
Ru
Sif Muna
Trog
Uskayaw
Vehumet
Wu Jian
Xom
Yredelemnul
Zin
The Shining One
Jiyva
Lugonu


Innate Abilities, Weirdness & Mutations

You have a pair of horns on your head.
You reflexively headbutt those who attack you in melee.


Message History

The slime creature completely misses you.
You furiously retaliate!
You headbutt the slime creature. You slash the slime creature!
You headbutt the slime creature!
The slime creature is almost dead.
The boulder beetle leaps!
The slime creature closely misses you.
You impale the slime creature!!
You kill the slime creature!
Trog accepts your kill.
You slice one of the four-headed hydra's heads off!
The three-headed hydra grows two more!
You impale the five-headed hydra!!
You headbutt the five-headed hydra, but do no damage.
The five-headed hydra is moderately wounded.
The five-headed hydra misses you. You furiously retaliate!
You headbutt the five-headed hydra, but do no damage.
The five-headed hydra bites you! x2; The five-headed hydra bites you.
The five-headed hydra barely misses you.
You slice one of the five-headed hydra's heads off!
The four-headed hydra grows two more!
You hit the six-headed hydra.
The six-headed hydra is lightly wounded.
The boulder beetle curls into a ball and begins rolling!
The six-headed hydra bites you but does no damage.
The six-headed hydra bites you. x2; The six-headed hydra bites you!
The six-headed hydra bites you.
The six-headed hydra bites you but does no damage.
You barely miss the six-headed hydra.
The six-headed hydra is lightly wounded.
The six-headed hydra barely misses you. You furiously retaliate!
You headbutt the six-headed hydra!
The six-headed hydra bites you but does no damage. x2
The six-headed hydra barely misses you.
The six-headed hydra bites you but does no damage.
The six-headed hydra bites you!
Unknown command.
Unknown command.
Your two-headed ogre goes berserk!
The boulder beetle hits you!!!
* * * LOW HITPOINT WARNING * * *
The boulder beetle stops rolling and uncurls.
The six-headed hydra bites you!
You die...

▓+▓
▓.▓
▓.▓
▓.▓
▓.▓
▓D▓
▓@▓
▓B▓
▓O▓
▓°▓
▓.▓
▓.▓
▓.▓
▓.▓
▓)▓


You could see a boulder beetle (ally target), a six-headed hydra and a friendly
two-headed ogre (summoned, berserk).

Vanquished Creatures
  A centaur warrior (D)
  A kobold demonologist (D)
  A slime creature (D)
  2 yaks (D)
  A vampire (D)
  An ice beast (D)
  An orc warrior (D)
  A scorpion (D)
  An iguana (D)
  3 orc wizards (D)
  A shadow imp (D)
  An orc (D)
  A goblin (D)
  2 hobgoblins (D)
  A frilled lizard (D)
  A rat (D)
20 creatures vanquished.

Notes
Turn   | Place    | Note
-------+----------+-------------------------------------------
     0 | D        | boopmooplesden the Minotaur Berserker began the quest for
                  | the Orb.
     0 | D        | Reached XP level 1. HP: 19/19 MP: 0/0
     6 | D        | Reached skill level 4 in Polearms
    10 | D        | Reached ** piety under Trog
    95 | D        | Noticed an ice beast
    95 | D        | Noticed an iguana
    95 | D        | Noticed a scorpion
    98 | D        | Killed a scorpion
    99 | D        | Reached skill level 6 in Polearms
    99 | D        | Reached XP level 2. HP: 31/31 MP: 1/1
    99 | D        | Reached XP level 3. HP: 38/38 MP: 2/2
   101 | D        | Reached *** piety under Trog
   102 | D        | Reached skill level 7 in Polearms
   102 | D        | Reached XP level 4. HP: 47/47 MP: 3/3
   115 | D        | Killed an ice beast
   116 | D        | Reached skill level 9 in Polearms
   116 | D        | Reached XP level 5. HP: 27/57 MP: 4/4
   119 | D        | Found a snail-covered altar of Cheibriados.
   119 | D        | Found a shadowy altar of Dithmenos.
   119 | D        | Found a white marble altar of Elyvilon.
   119 | D        | Found a blossoming altar of Fedhas.
   119 | D        | Found an opulent altar of Gozag.
   120 | D        | Found a hazy altar of Hepliaklqana.
   121 | D        | Found a viscous altar of Jiyva.
   122 | D        | Found an ancient bone altar of Kikubaaqudgha.
   123 | D        | Found a corrupted altar of Lugonu.
   124 | D        | Found a burning altar of Makhleb.
   125 | D        | Found a sparkling altar of Nemelex Xobeh.
   126 | D        | Found an iron altar of Okawaru.
   127 | D        | Found a stormy altar of Qazlal.
   128 | D        | Found a sacrificial altar of Ru.
   129 | D        | Found a shimmering blue altar of Sif Muna.
   130 | D        | Found a bloodstained altar of Trog.
   131 | D        | Found a hide-covered altar of Uskayaw.
   132 | D        | Found a radiant altar of Vehumet.
   133 | D        | Found an ornate altar of the Wu Jian Council.
   134 | D        | Found a shimmering altar of Xom.
   135 | D        | Found a basalt altar of Yredelemnul.
   136 | D        | Found a glowing silver altar of Zin.
   137 | D        | Found a glowing golden altar of the Shining One.
   447 | D        | Noticed a vampire
   447 | D        | Noticed an orc warrior
   447 | D        | Noticed a yak
   447 | D        | Noticed a yak
   448 | D        | Reached **** piety under Trog
   449 | D        | Reached skill level 5 in Armour
   451 | D        | Reached skill level 5 in Dodging
   455 | D        | Killed a yak
   456 | D        | Reached skill level 10 in Fighting
   456 | D        | Reached skill level 11 in Polearms
   456 | D        | Reached XP level 6. HP: 67/67 MP: 5/5
   458 | D        | Killed a yak
   459 | D        | Reached skill level 1 in Stealth
   459 | D        | Reached XP level 7. HP: 74/74 MP: 6/6
   460 | D        | Reached ***** piety under Trog
   461 | D        | Reached skill level 12 in Polearms
   469 | D        | Killed a vampire
   470 | D        | Reached skill level 13 in Polearms
   542 | D        | Noticed a four-headed hydra
   542 | D        | Noticed a boulder beetle
   542 | D        | Noticed a slime creature
   542 | D        | Noticed a centaur warrior
   542 | D        | Noticed a kobold demonologist
   543 | D        | Noticed a smoke demon
   551 | D        | Killed a kobold demonologist
   552 | D        | Reached XP level 8. HP: 86/86 MP: 7/7
   555 | D        | Killed a centaur warrior
   556 | D        | Reached skill level 15 in Polearms
   559 | D        | Killed a slime creature
   563 | D        | HP: 4/89 [boulder beetle (41)]
   563 | D        | Slain by a six-headed hydra

Illustrated notes

Levels and vault maps discovered:
D:        linesprint [early_d, line_temple, items_1, d_10, items_2, lair_1,
          lair_end, items_3, orc_1, orc_end, items_4, d_15, swamp_1, shoals_1,
          snake_1, spider_1, d_20, vaults_1, items_5, swamp_end, shoals_end,
          snake_end, spider_end, vaults_end, d_27, items_6, zot_1, zot_end,
          crypt_end, forest_end, elf_end, slime_end, tomb_end, abyss_end,
          pan_hell_end]

Skill      XL: |  1  2  3  4  5  6  7  8 |
---------------+-------------------------+-----
Fighting       | 6 7 9 10 11 13 14 | 14.2
Polearms       | 6 7 9 11 13 15 | 15.6
Armour         | 3 4 5 6 7 8 |  8.1
Dodging        | 3 4 5 6 7 |  7.8
Stealth        | 1 |  1.9

Action                   |  1- 3 |  4- 6 |  7- 9 || total
-------------------------+-------+-------+-------++-------
Melee: Spear             |    17 |    12 |       ||    29
       Headbutt          |     2 |     4 |     9 ||    15
       Halberd           |       |    10 |    28 ||    38
Invok: Berserk           |     1 |     1 |     1 ||     3
       Trog's Hand       |       |       |     1 ||     1
       Brothers in Arms  |       |       |     1 ||     1
Armor: Animal skin       |     1 |     2 |       ||     3
       Scale mail        |       |     2 |    12 ||    14
Dodge: Dodged            |     8 |     9 |    12 ||    29
